 Dungeon Crawl Stone Soup version 0.28-a0-1524-ge72afd5fc6 (webtiles) character file.

Game seed: 4995761127613826452

221 HallandMoats the Skirmisher (level 5, -1/47 HPs)
             Began as a Ghoul Fighter on Jan 17, 2022.
             Slain by a kobold (5 damage)
             ... on level 3 of the Dungeon.
             The game lasted 00:01:49 (1551 turns).

HallandMoats the Skirmisher (Ghoul Fighter)         Turns: 1551, Time: 00:01:50

Health: -1/47      AC:  6    Str: 20    XL:     5   Next: 98%
Magic:  4/4        EV:  9    Int:  5    God:
Gold:   77         SH:  4    Dex:  8    Spells: 4/4 levels left

rFire   . . .      SeeInvis .   a - +0 flail
rCold   + . .      Faith    .   c - +0 buckler
rNeg    + + +      Spirit   .   b - +0 scale mail
rPois   ∞          Reflect  .   (no helmet)
rElec   .          Harm     .   (no cloak)
rCorr   .          Rampage  .   (no gloves)
Will    .....                   (no boots)
Stlth   ..........              (no amulet)
HPRegen 0.00/turn               (no ring)
MPRegen 0.09/turn               (no ring)

@: inhibited regen
A: claws 1, cold resistance 1, negative energy resistance 3, inhibited
regeneration, torment resistance 2
a: no special abilities


You were on level 3 of the Dungeon.
You visited 1 branch of the dungeon, and saw 3 of its levels.

You collected 77 gold pieces.

Inventory:

Hand Weapons
 a - a +0 flail (weapon)
Armour
 b - a +0 scale mail (worn)
 c - a +0 buckler (worn)
Scrolls
 e - 4 scrolls of identify {unknown}
 f - a scroll of vulnerability {unknown}
 h - 2 scrolls of enchant weapon {unknown}
 i - a scroll of teleportation {unknown}
 j - a scroll of magic mapping {unknown}
 m - a scroll of blinking {unknown}
Potions
 d - a potion of might
 g - 2 potions of lignification {unknown}
 k - a potion of mutation {unknown}
 l - a potion of heal wounds {unknown}


   Skills:
 * Level 4.7 Fighting
 * Level 3.2 Maces & Flails
 + Level 3.3 Armour
 + Level 1.4 Dodging
 + Level 3.2 Shields


You had 4 spell levels left.
You didn't know any spells.
Your spell library was empty.

Dungeon Overview and Level Annotations

Branches:
Dungeon (3/15)

Altars:

Shops:
D:2 *


Innate Abilities, Weirdness & Mutations

You thrive by killing the living.
You are immune to poison.
You have sharp fingernails.
Your flesh is cold resistant. (rC+)
You are immune to negative energy. (rN+++)
You do not regenerate when monsters are visible.
You are immune to unholy pain and torment.


Message History

The ice beast freezes you. You resist.
You closely miss the ice beast.
The ice beast is almost dead.
The ice beast barely misses you.
You closely miss the ice beast.
The ice beast is almost dead.
A kobold comes into view. It is wielding a +0 whip.
The ice beast hits you but does no damage.
You barely miss the ice beast.
The ice beast is almost dead.
The kobold shouts!
The ice beast hits you. The ice beast freezes you. You resist.
* * * LOW HITPOINT WARNING * * *
You thump the ice beast!
You kill the ice beast!
You feel better. The kobold hits you but does no damage.
Your Maces & Flails skill increases to level 3!
You hit the kobold.
The kobold is severely wounded.
The kobold hits you with a +0 dagger.
* * * LOW HITPOINT WARNING * * *
You barely miss the kobold.
The kobold is severely wounded.
The kobold hits you with a +0 dagger.
* * * LOW HITPOINT WARNING * * *
You miss the kobold.
The kobold is severely wounded.
The kobold hits you with a +0 dagger.
* * * LOW HITPOINT WARNING * * *
You hit the kobold but do no damage.
The kobold is severely wounded.
The kobold completely misses you. The kobold hits you but does no damage.
You sock the kobold!
You kill the kobold!
You barely miss the kobold. The kobold barely misses you.
You closely miss the kobold. The kobold hits you with a +0 whip.
* * * LOW HITPOINT WARNING * * *
You miss the kobold. The kobold hits you but does no damage.
You closely miss the kobold. The kobold hits you with a +0 whip.
You die...

##...# #.##.#
#$...# #.##.#
#....#####.##.#
#....#...#....####
#.#...............
#.........########
#.######.## #K#
#.# #@# #.# #.#
#.# #.# #.# ...
... ... ... ...#.
... ##... #.#.#


You could see a kobold.

Vanquished Creatures
  A sky beast (D:3)
  An ice beast (D:3)
  A gnoll (D:1)
  4 bats
  7 endoplasms
  A giant cockroach (D:2)
  4 hobgoblins
  3 kobolds
  A quokka (D:1)
  7 ball pythons
  2 frilled lizards (D:1)
  3 rats
35 creatures vanquished.

Notes
Turn   | Place    | Note
-------+----------+-------------------------------------------
     0 | D:1      | HallandMoats the Ghoul Fighter began the quest for the Orb.
     0 | D:1      | Reached XP level 1. HP: 19/19 MP: 0/0
   308 | D:1      | Reached XP level 2. HP: 26/26 MP: 1/1
   623 | D:1      | Reached XP level 3. HP: 33/33 MP: 2/2
  1022 | D:2      | Found Teikom's General Store.
  1178 | D:2      | Reached skill level 4 in Fighting
  1291 | D:3      | Noticed a sky beast
  1299 | D:3      | Killed a sky beast
  1300 | D:3      | Reached skill level 1 in Dodging
  1300 | D:3      | Reached XP level 4. HP: 22/41 MP: 3/3
  1300 | D:3      | Reached XP level 5. HP: 25/47 MP: 4/4
  1521 | D:3      | Noticed an ice beast
  1542 | D:3      | Killed an ice beast
  1551 | D:3      | Slain by a kobold

Illustrated notes

Levels and vault maps discovered:
D:1:      heliophobic_arrival_enchanted_forest, layout_basic,
          wander_ebering_terrifying_dragon_lair
D:2:      layout_rooms, serial_shops, nicolae_shop_trees
D:3:      layout_loops_ring, minmay_stone_trees_medium,
          nicolae_elevator_lobby_plus, uniq_crazy_yiuf_cottage

Skill      XL: |  1  2  3  4  5 |
---------------+----------------+-----
Maces & Flails | 2 3 |  3.2
Fighting       | 4 |  4.7
Armour         | 3 |  3.3
Dodging        | 1 |  1.4
Shields        | 3 |  3.2

Action                   |  1- 3 |  4- 6 || total
-------------------------+-------+-------++-------
Melee: Flail             |    79 |    24 ||   103
  Use: Potion            |     1 |       ||     1
Armor: Scale mail        |    40 |     8 ||    48
Dodge: Dodged            |    37 |     8 ||    45
Block: Buckler           |    12 |     2 ||    14

Table legend: (Time is in decaauts)
 A = Elapsed time spent in this place.
 B = Non-inter-level travel time spent in this place.
 C = Inter-level travel time spent in this place.
 D = Time resting spent in this place.
 E = Time spent auto-exploring this place.
 F = Levels seen in this place.
 G = Mean time per level.
                   A        B        C        D        E       F      G
               +--------+--------+--------+--------+--------+-----+--------+
         Total |   1583 |   1499 |     84 |      0 |   1220 |   3 |  527.7 |
       Dungeon |   1583 |   1499 |     84 |      0 |   1220 |   3 |  527.7 |
               +--------+--------+--------+--------+--------+-----+--------+

Top non-repeatable levels by time:
     D:1: 757 daAuts
     D:2: 540 daAuts
     D:3: 286 daAuts
